 Dungeon Crawl Stone Soup version 0.19.4-8-ga85b6b9 (webtiles) character file.

137 protoss039 the Shield-Bearer (level 5, -5/32 HPs)
             Began as a Gargoyle Fighter on Feb 7, 2017.
             Killed from afar by an orc wizard (7 damage)
             ... with a magic dart
             ... on level 2 of the Dungeon.
             The game lasted 00:03:41 (2089 turns).

protoss039 the Shield-Bearer (Gargoyle Fighter)     Turns: 2089, Time: 00:03:42

Health: -5/32      AC: 11    Str: 20    XL:     5   Next: 20%
Magic:  5/5        EV:  7    Int:  9    God:
Gold:   87         SH:  9    Dex:  9    Spells: 0 memorised, 4 levels left

rFire  . . .     SeeInvis .     a - +0 flail
rCold  . . .     Gourm    .     b - +0 scale mail
rNeg   + . .     Faith    .     c - +0 shield
rPois  ∞         Spirit   .     (no helmet)
rElec  +         Reflect  .     (no cloak)
rCorr  .         Harm     .     (no gloves)
MR     .....                    (no boots)
Stlth  ..........               (no amulet)
                                (no ring)
                                (no ring)

@: slowed, very slow
A: negative energy resistance 1, electricity resistance, unbreathing,
petrification resistance, rot immunity, AC +4
a: no special abilities


You were on level 2 of the Dungeon.
You were very hungry.

You visited 1 branch of the dungeon, and saw 3 of its levels.

You collected 87 gold pieces.

Inventory:

Hand Weapons
 a - a +0 flail (weapon)
Armour
 b - a +0 scale mail (worn)
 c - a +0 shield (worn)
Scrolls
 g - 2 scrolls of immolation {unknown}
 h - a scroll of blinking {unknown}
 j - 3 scrolls of identify {unknown}
 k - a scroll of remove curse {unknown}
 r - 2 scrolls of magic mapping {unknown}
Potions
 d - a potion of might
 e - 2 potions of haste {unknown}
 i - a potion of agility {unknown}
 l - 2 potions of curing {unknown}
 m - a potion of ambrosia {unknown}
 n - a potion of mutation {unknown}
 p - 2 potions of magic {unknown}
 q - a potion of resistance {unknown}
 t - a potion of heal wounds {unknown}
Comestibles
 f - a bread ration
 s - 2 beef jerkies


   Skills:
 + Level 3.6 Fighting
 * Level 3.9 Maces & Flails
 + Level 3.7 Armour
 + Level 4.3 Shields


You had 4 spell levels left.
You didn't know any spells.

Dungeon Overview and Level Annotations

Branches:
Dungeon (3/15)

Altars:
Elyvilon
Fedhas
Makhleb
Sif Muna
Xom


Innate Abilities, Weirdness & Mutations

You are resistant to torment.
Your stone body is resilient. (AC +4)
You are immune to poison.
You resist negative energy. (rN+)
You are resistant to electric shocks. (rElec)
You can survive without breathing.
You are immune to petrification.
You are immune to rotting.


Message History

You feel yourself slow down.
Unknown command.
Unknown command.
You hit the orc wizard but do no damage.
The orc wizard is heavily wounded.
The orc wizard casts a spell at you. The magic dart hits you!
The orc wizard casts a spell at you. You resist with some effort.
Unknown command.
Unknown command.
Unknown command.
You closely miss the orc wizard.
The orc wizard is heavily wounded.
The orc wizard gestures at you while chanting.
The magic dart hits you!
* * * LOW HITPOINT WARNING * * *
The orc wizard gestures at you while chanting.
The magic dart hits you!
You die...

# #.....##.#######.# #.##.##### #
#.....##'#######.# #.#......### #
#..............#.# #.#.........
###.........####)#.###.#.##...)#.
'...........'.[................#.
#######.....####.#.###.#....<..#.
# #.....# #.#.# #.#.......#. #
#.....# #o#.###.#.#.#...#. #
#.....# #@#.....#.#.....#. #
#.....# #†#####'#+#.###.#. #
#.....# #.#.........###.## #
####### #.#...........#.# ####
#.'........##.#.# ...#
###........##.#.## ...#
#........##.#... ...##
#........##.#### ....# ##########
#........##.# #


You could see an orc wizard.

Vanquished Creatures
  An orc priest (D:3)
  Ijyb (D:2)
  An adder (D:2)
  3 oozes
  4 worms (D:2)
  3 dart slugs
  3 leopard geckos
  An orc (D:3)
  2 ball pythons
  2 giant cockroaches
  2 goblins
  A hobgoblin (D:2)
  5 kobolds
  A quokka (D:2)
  8 bats
  4 frilled lizards
  5 rats
47 creatures vanquished.

Notes
Turn   | Place    | Note
-------+----------+-------------------------------------------
     0 | D:1      | protoss039 the Gargoyle Fighter began the quest for the Orb.
     0 | D:1      | Reached XP level 1. HP: 14/14 MP: 1/1
   213 | D:1      | Reached XP level 2. HP: 13/19 MP: 2/2
   455 | D:1      | Found a shimmering altar of Xom.
   457 | D:1      | Found a shattered altar of Ashenzari.
   457 | D:1      | Found a bloodstained altar of Trog.
   459 | D:1      | Found a burning altar of Makhleb.
   459 | D:1      | Found a blossoming altar of Fedhas.
   459 | D:1      | Found a basalt altar of Yredelemnul.
   946 | D:2      | Reached XP level 3. HP: 23/23 MP: 3/3
   982 | D:2      | Noticed Ijyb
  1098 | D:2      | Killed Ijyb
  1098 | D:2      | Reached XP level 4. HP: 27/28 MP: 4/4
  1469 | D:2      | Reached skill level 4 in Shields
  1527 | D:2      | Found a deep blue altar of Sif Muna.
  1531 | D:2      | Found a white marble altar of Elyvilon.
  2080 | D:3      | Reached XP level 5. HP: 8/32 MP: 5/5
  2089 | D:2      | Killed from afar by an orc wizard

Skill      XL: |  1  2  3  4 |
---------------+-------------+-----
Maces & Flails | 3 |  3.9
Shields        | 4 |  4.3
Fighting       | |  3.6
Armour         | |  3.7

Action                   |  1- 3 |  4- 6 || total
-------------------------+-------+-------++-------
Melee: Flail             |   104 |   114 ||   218
  Eat: Chunk             |     1 |     2 ||     3
Armor: Scale mail        |    53 |    84 ||   137
Dodge: Dodged            |    27 |    41 ||    68
Block: Shield            |    57 |    78 ||   135
